 Dungeon Crawl Stone Soup version 0.30-a0-586-g23e55c9e0a (webtiles) character file.

Game seed: 2950481572344329989

4620 Dirtsage the Chiller (level 10, -1/62 (63) HPs)
             Began as an Octopode Transmuter on Jan 3, 2023.
             Was a High Priest of the Shining One.
             Slain by a wight
             ... wielding a +3 dire flail
              (9 damage)
             ... on level 9 of the Dungeon.
             The game lasted 00:25:11 (9607 turns).

Dirtsage the Chiller (Octopode Transmuter)          Turns: 9607, Time: 00:25:12

HP:   -1/62 (63)    AC:  1    Str:  9    XL:     10   Next: 42%
MP:   11/13         EV: 14    Int: 21    God:    the Shining One [*****.]
Gold: 548           SH:  5    Dex: 12    Spells: 3/13 levels left

rFire   . . .      SeeInvis +      - Unarmed
rCold   . . .      Faith    .    (no shield)
rNeg    + + .      Spirit   .    (helmet restricted)
rPois   .          Reflect  +    f - amulet of reflection
rElec   .          Harm     .    S - ring of see invisible
rCorr   .          Rampage  .    (no ring)
Will    .....                    (no ring)
Stlth   +                        (no ring)
HPRegen 0.30/turn                (no ring)
MPRegen 0.13/turn                (no ring)
                                 (no ring)
                                 (no ring)

@: glowing, lightly drained
A: almost no armour, amphibious, 8 rings, camouflage 1, gelatinous body 1,
(nimble swimmer 1), tentacles
a: Renounce Religion, Divine Shield, Cleansing Flame, Summon Divine Warrior


You were on level 9 of the Dungeon.
You worshipped the Shining One.
The Shining One was extremely pleased with you.
You visited 2 branches of the dungeon, and saw 10 of its levels.
You also visited: Sewer and Ossuary.

You collected 548 gold pieces.

Inventory:

Missiles
 y - 3 curare-tipped darts
Jewellery
 f - an amulet of reflection (around mantle)
 i - an amulet of faith
 S - a ring of see invisible (left tentacle)
Wands
 x - a wand of flame (16)
 D - a wand of digging (3)
Scrolls
 b - a scroll of torment {unknown}
 c - 2 scrolls of magic mapping {unknown}
 e - 2 scrolls of poison
 g - a scroll of fear
 j - a scroll of brand weapon {unknown}
 k - 4 scrolls of enchant armour
 l - 2 scrolls of immolation
 n - a scroll of fog {unknown}
 p - 2 scrolls of amnesia {unknown}
 r - 3 scrolls of noise {unknown}
 s - a scroll of blinking {unknown}
 v - 2 scrolls of vulnerability {unknown}
Potions
 a - 4 potions of lignification
 d - 3 potions of might
 h - 2 potions of haste
 m - 2 potions of cancellation
 o - a potion of brilliance
 q - 2 potions of curing
 t - a potion of flight {unknown}
 u - 2 potions of heal wounds {unknown}
 w - a potion of ambrosia {unknown}
 z - a potion of degeneration {unknown}


   Skills:
 + Level 3.5 Fighting
 - Level 3.4 Dodging
 * Level 6.1 Unarmed Combat
 - Level 2.0 Spellcasting
 * Level 3.6 Conjurations
 - Level 7.1 Transmutations
 * Level 7.8 Ice Magic
 * Level 4.0 Air Magic
 - Level 4.0 Poison Magic
 + Level 4.4 Invocations


You had 3 spell levels left.
You knew the following spells:

 Your Spells              Type           Power      Damage    Failure   Level
a - Beastly Appendage     Tmut           64%        N/A       1%          1
b - Wereblood             Tmut           32%        N/A       1%          2
c - Ice Form              Ice/Tmut       33%        N/A       7%          4
x - Mephitic Cloud        Conj/Pois/Air  18%        N/A       9%          3

Your spell library contained the following spells:

 Spells                   Type           Power      Damage    Failure   Level
 Freeze                   Ice            100%       1d10      1%          1
 Frozen Ramparts          Ice            70%        1d11      1%          3
 Magic Dart               Conj           68%        1d6       3%          1
 Hailstorm                Conj/Ice       26%        3d7       4%          3
 Spider Form              Tmut/Pois      25%        N/A       4%          3
 Summon Small Mammal      Summ           8%         N/A       14%         1
 Call Imp                 Summ           2%         N/A       22%         2
 Call Canine Familiar     Summ           2%         N/A       41%         3
 Summon Guardian Golem    Hex/Summ       2%         N/A       41%         3


Dungeon Overview and Level Annotations

Branches:
Dungeon (9/15)             Temple (1/1) D:4           Sewer (visited)
Ossuary (visited)
   Lair: D:8-11         Orc: D:9-12

Altars:
Ashenzari
Cheibriados
Dithmenos
Fedhas
Gozag
Hepliaklqana
Kikubaaqudgha
Makhleb
Nemelex Xobeh
Okawaru
Qazlal
Ru
Trog
Uskayaw
Vehumet
Wu Jian
Xom
Zin
The Shining One

Annotations:
D:3 3 runed translucent doors, NoAnimeNoLife's ghost, amateur KoBr; Stoves66's ghost, amateur GrEE; caveywoolpert's ghost, amateur DgEE; flestrin's ghost, amateur HOFi
D:5 1 runed translucent door, Crazy Yiuf
D:8 3 exclusions


Innate Abilities, Weirdness & Mutations

You cannot wear most types of armour.
You are amphibious.
You can wear up to eight rings at the same time.
Your skin changes colour to match your surroundings (Stealth+).
Your rubbery body absorbs attacks. (AC +1, EV +1)
((You are camouflaged when in or above water. (Stealth+)))
You have tentacles for arms and can constrict up to eight enemies at once.


Message History

The orc warrior hits you with a +0 flail!
You take 6 damage, and have 56/75 hp.
The orc warrior attacks as you move away!
The orc warrior barely misses you. The wight closely misses you.
The wight attacks as you move away!
The wight hits you with a +3 dire flail!
A wight comes into view. It is wielding a +2 trident.
You take 11 damage, and have 45/75 hp.
The wight attacks as you move away!
The wight hits you with a +3 dire flail!
You take 6 damage, and have 39/75 hp.
Found a stone staircase leading down.
You hit the wight but do no damage.
The wight hits you with a +3 dire flail.
You partially resist.
You feel drained.
You take 3 damage, and have 36/74 hp.
You hit the wight but do no damage.
The wight hits you with a +3 dire flail.
You take 5 damage, and have 31/74 hp.
You punch the wight!
The wight is moderately damaged.
The wight hits you with a +3 dire flail.
The wight hits you from afar with a +3 spear!
* * * LOW HITPOINT WARNING * * *
You take 14 damage, and have 17/74 hp.
The wight attacks as you move away!
The wight hits you with a +3 dire flail!
* * * LOW HITPOINT WARNING * * *
You take 14 damage, and have 3/74 hp.
There is a stone staircase leading down here.
It was a potion of cancellation.
Your magical effects are unravelling.
You feel magically purged.
You warm up again.
The wight barely misses you.
You now have 3/62 hp.
It was a potion of curing.
You feel better.
q - 2 potions of curing;
u - 2 fuming puce potions The wight hits you with a +3 dire flail!
You die...

.... ...# ...# ####
#..# .##...######..#
)...).........#
...........<.[#
#.....##....# #
#....@##....# .##..
#....z##....##......
#....oo.o....)......
#.....##z...##..##..
########.z..# ##
#....... #........
#.##.##.# #+##.# +#


You could see an orc warrior, a wight and an orc.

Vanquished Creatures
  Prince Ribbit (D:5)
  Eustachio (D:6)
  6 yaks (D:8)
  3 water moccasins
  4 orc warriors
  2 black bears (D:7)
  An ogre (D:4)
  A phantom (D:5)
  An elf zombie (Ossuary)
  4 kobold brigands
  3 bullfrogs
  2 necrophages (D:6)
  3 scorpions
  2 elf skeletons (D:8)
  7 wights
  A centaur zombie (Ossuary)
  2 human zombies (Ossuary)
  2 jellies
  2 gnoll boudas
  6 orc priests
  A human skeleton (D:8)
  4 orc wizards
  2 iguanas (D:4)
  3 hound zombies (Ossuary)
  3 mummies (Ossuary)
  Robin (D:3)
  10 adders
  11 gnolls
  5 river rats
  4 white imps
  4 adder zombies (Ossuary)
  3 worms
  4 dart slugs
  28 orcs
  8 bats
  8 endoplasms
  7 giant cockroaches
  14 goblins
  8 hobgoblins
  5 jackals
  5 quokkas
  10 ball pythons
  8 frilled lizards
  A gnoll zombie (Ossuary)
  4 goblin zombies (Ossuary)
  2 hobgoblin zombies (Ossuary)
  A jackal zombie (Ossuary)
  29 kobolds
  3 kobold zombies (Ossuary)
  An orc skeleton (D:8)
  4 orc zombies
  4 quokka zombies (Ossuary)
  10 rats
  3 rat zombies (Ossuary)
272 creatures vanquished.

Vanquished Creatures (others)
  A kobold (D:7)
  7 plants (Sewer)
8 creatures vanquished.

Grand Total: 280 creatures vanquished

Notes
Turn   | Place    | Note
-------+----------+-------------------------------------------
     0 | D:1      | Dirtsage the Octopode Transmuter began the quest for the
                  | Orb.
     0 | D:1      | Reached XP level 1. HP: 13/13 MP: 3/3
    93 | D:1      | Reached skill level 1 in Ice Magic
    93 | D:1      | Reached XP level 2. HP: 17/18 MP: 5/5
   164 | D:1      | Learned a level 2 spell: Wereblood
   227 | D:1      | Reached XP level 3. HP: 7/23 MP: 4/6
   609 | D:2      | Found a sacrificial altar of Ru.
   640 | D:2      | Found a faded altar of an unknown god.
   808 | D:2      | Reached XP level 4. HP: 28/28 MP: 7/7
   822 | D:2      | Learned a level 4 spell: Ice Form
  1062 | D:3      | Found a runed translucent gate.
  1062 | D:3      | Found a runed translucent gate.
  1063 | D:3      | Found a runed translucent gate.
  1063 | D:3      | Noticed flestrin's ghost (amateur HOFi)
  1064 | D:3      | Noticed Stoves66's ghost (amateur GrEE)
  1065 | D:3      | Noticed caveywoolpert's ghost (amateur DgEE)
  1065 | D:3      | Noticed NoAnimeNoLife's ghost (amateur KoBr)
  1408 | D:3      | Found a glowing drain.
  1412 | Sewer    | Entered a sewer
  1426 | Sewer    | Reached XP level 5. HP: 24/33 MP: 8/8
  1806 | Sewer    | Noticed a kobold brigand
  1825 | Sewer    | Killed a kobold brigand
  1826 | Sewer    | Reached XP level 6. HP: 36/38 MP: 9/9
  2218 | D:3      | Noticed Robin
  2241 | D:3      | Killed Robin
  3034 | D:4      | Reached skill level 5 in Transmutations
  3336 | D:4      | Found a staircase to the Ecumenical Temple.
  3344 | Temple   | Entered the Ecumenical Temple
  3441 | Temple   | Became a worshipper of the Shining One
  3601 | D:4      | Reached XP level 7. HP: 43/43 MP: 5/10
  3729 | D:4      | Found a shadowy altar of Dithmenos.
  4212 | D:5      | Entered Level 5 of the Dungeon
  4290 | D:5      | Reached skill level 5 in Ice Magic
  4290 | D:5      | Reached skill level 1 in Invocations
  4649 | D:5      | Noticed Prince Ribbit
  4660 | D:5      | Killed Prince Ribbit
  4661 | D:5      | Reached XP level 8. HP: 11/48 MP: 3/11
  5063 | D:5      | Found a runed translucent door.
  5064 | D:5      | Noticed Crazy Yiuf
  5523 | D:6      | Found a broken altar of Ashenzari.
  5550 | D:6      | Reached * piety under the Shining One
  6222 | D:6      | Noticed Eustachio
  6239 | D:6      | Reached XP level 9. HP: 54/54 MP: 8/12
  6243 | D:6      | Killed Eustachio
  6244 | D:6      | Reached skill level 1 in Air Magic
  6244 | D:6      | Reached skill level 1 in Poison Magic
  6548 | D:6      | Learned a level 3 spell: Mephitic Cloud
  6663 | D:7      | Found a glowing silver altar of Zin.
  6728 | D:7      | Reached ** piety under the Shining One
  7223 | D:7      | Reached skill level 1 in Conjurations
  7235 | D:7      | Reached skill level 5 in Unarmed Combat
  8250 | D:8      | Reached XP level 10. HP: 9/63 MP: 9/13
  8358 | D:8      | Found a sand-covered staircase.
  8385 | D:8      | Reached *** piety under the Shining One
  8392 | Ossuary  | Entered an ossuary
  8486 | Ossuary  | Reached **** piety under the Shining One
  8628 | Ossuary  | Reached ***** piety under the Shining One
  9604 | D:9      | HP: 3/74 [wight/+3 dire flail (14)]
  9607 | D:9      | Slain by a wight

Illustrated notes

Levels and vault maps discovered:
D:1:      lemuel_arrival_room, layout_rooms, chequers_serial_rivers_micro_e
D:2:      layout_rooms, basic_altar, ebering_ecumenical_altar_rust
D:3:      layout_basic, gup_sewer_entry_spiral, gammafunk_ghost_cemetery,
          minmay_misc_feat_x, uniq_robin
D:4:      layout_basic, grunt_dithmenos_smoke_and_mirrors,
          minmay_temple_entry_grid
D:5:      layout_loops_cross, uniq_prince_ribbit1, uniq_crazy_yiuf_cottage
D:6:      layout_basic, evilmike_ruin_ashenzari, grunt_decor_resistance,
          uniq_eustachio
D:7:      layout_gridville, marbit_many_paths
D:8:      layout_loops_ring, nicolae_ossuary_entry_catacombs,
          nicolae_lava_and_water, st_stairs_2
D:9:      layout_gridville, amcnicky_altar_gilded, erik_orc_1, enter_bailey_2,
          chequers_arboretum, uniq_grum
Temple:   minmay_temple_bridge_d

Skill      XL: |  1  2  3  4  5  6  7  8  9 10 |
---------------+-------------------------------+-----
Ice Magic      | 1 2 3 4 5 6 7 |  7.8
Transmutations | 3 4 5 6 7 |  7.1
Invocations    | 2 3 4 |  4.4
Unarmed Combat | 4 5 6 |  6.1
Fighting       | 2 3 |  3.5
Dodging        | 3 |  3.4
Air Magic      | 3 4 |  4.0
Poison Magic   | 3 4 |  4.0
Conjurations   | 2 3 |  3.6
Spellcasting   | |  2.0

Action                   |  1- 3 |  4- 6 |  7- 9 | 10-12 || total
-------------------------+-------+-------+-------+-------++-------
Melee: Unarmed           |    47 |    36 |   303 |   162 ||   548
       Constrict         |    19 |    21 |     6 |     5 ||    51
       Kick              |     6 |    18 |     6 |       ||    30
       Tentacles         |     7 |    15 |     6 |     7 ||    35
       Dagger            |    40 |   111 |       |       ||   151
       Punch             |     1 |     3 |       |     2 ||     6
 Cast: Beastly Appendage |     3 |    12 |     2 |       ||    17
       Ice Form          |       |     5 |    32 |     7 ||    44
       Wereblood         |       |     1 |     1 |     1 ||     3
Invok: Divine Shield     |       |       |     2 |       ||     2
  Use: Potion            |       |     1 |       |     2 ||     3
       Scroll            |       |       |    10 |       ||    10
 Stab: Sleeping          |     5 |     8 |       |       ||    13
Armor: Skin              |    15 |    18 |    61 |    39 ||   133
Dodge: Dodged            |    64 |    55 |    92 |    61 ||   272
Block: Other             |     1 |    17 |    63 |    35 ||   116
       Reflection        |       |       |     5 |     1 ||     6

Table legend: (Time is in decaauts)
 A = Elapsed time spent in this place.
 B = Non-inter-level travel time spent in this place.
 C = Inter-level travel time spent in this place.
 D = Time resting spent in this place.
 E = Time spent auto-exploring this place.
 F = Levels seen in this place.
 G = Mean time per level.
                   A        B        C        D        E       F      G
               +--------+--------+--------+--------+--------+-----+--------+
         Total |   9561 |   9213 |    348 |    845 |   6221 |  12 |  796.8 |
       Dungeon |   8404 |   8126 |    278 |    836 |   5482 |   9 |  933.8 |
        Temple |    169 |     99 |     70 |      0 |     74 |   1 |  169.0 |
         Sewer |    702 |    702 |      0 |      9 |    515 |   1 |  702.0 |
       Ossuary |    284 |    284 |      0 |      0 |    150 |   1 |  284.0 |
               +--------+--------+--------+--------+--------+-----+--------+

Top non-repeatable levels by time:
     D:3: 1462 daAuts
     D:8: 1375 daAuts
     D:6: 1307 daAuts
     D:5: 1192 daAuts
     D:7: 1170 daAuts
     D:4: 905 daAuts
   Sewer: 702 daAuts
     D:1: 602 daAuts
     D:2: 363 daAuts
 Ossuary: 284 daAuts
  Temple: 169 daAuts
     D:9: 24 daAuts
